 Dungeon Crawl Stone Soup version 0.26-a0-946-g9485abf61d (webtiles) character file.

Game seed: 14445525018023153508

35 PentaManta the Ruffian (level 3, -3/31 HPs)
             Began as a Ghoul Monk on Nov 28, 2020.
             Slain by Sigmund
             ... wielding a +0 scythe
              (11 damage)
             ... on level 2 of the Dungeon.
             The game lasted 00:01:03 (846 turns).

PentaManta the Ruffian (Ghoul Monk)                  Turns: 846, Time: 00:01:03

Health: -3/31      AC:  5    Str: 15    XL:     3   Next: 35%
Magic:  2/2        EV: 11    Int:  5    God:
Gold:   68         SH:  0    Dex: 11    Spells: 2/2 levels left

rFire    . . .     SeeInvis .     - Unarmed
rCold    + . .     Faith    .   (no shield)
rNeg     + + +     Spirit   .   b - +0 ring mail
rPois    ∞         Reflect  .   (no helmet)
rElec    .         Harm     .   (no cloak)
rCorr    .         Rampage  .   (no gloves)
MR       .....                  (no boots)
Stlth    +.........             (no amulet)
HPRegen  0.00/turn              (no ring)
MPRegen  0.08/turn              (no ring)

@: no status effects
A: rotting body, claws 1, cold resistance 1, negative energy resistance 3,
inhibited regeneration, torment resistance, unbreathing
a: no special abilities


You were on level 2 of the Dungeon.
You visited 1 branch of the dungeon, and saw 2 of its levels.

You collected 68 gold pieces.

Inventory:

Armour
 a - a +0 robe
 b - a +0 ring mail (worn)
Scrolls
 d - a scroll of identify {unknown}
 e - a scroll of amnesia {unknown}
Potions
 c - a potion of berserk rage {unknown}


   Skills:
 - Level 3.2 Fighting
 - Level 2.6 Dodging
 - Level 2.1 Stealth
 + Level 4.8 Unarmed Combat


You had 2 spell levels left.
You didn't know any spells.
Your spell library was empty.

Dungeon Overview and Level Annotations

Branches:
Dungeon (2/15)

Altars:

Annotations:
D:2 Sigmund


Innate Abilities, Weirdness & Mutations

Your body is rotting away.
You thrive by killing the living.
You are immune to poison.
You have sharp fingernails.
Your flesh is cold resistant. (rC+)
You are immune to negative energy. (rN+++)
You do not regenerate when monsters are visible.
You are immune to unholy pain and torment.
You can survive without breathing.


Message History

Sigmund points at you and mumbles some strange words.
The magic dart hits you.
You scratch Sigmund.
Sigmund is almost dead.
The kobold hits you but does no damage. Sigmund hits you with a +0 scythe!
* * * LOW HITPOINT WARNING * * *
You scratch the kobold.
You kill the kobold!
You closely miss Sigmund.
Sigmund is almost dead.
Sigmund hits you but does no damage.
You barely miss Sigmund.
Sigmund is almost dead.
Sigmund closely misses you.
You barely miss Sigmund.
Sigmund is almost dead.
You scratch Sigmund but do no damage.
Sigmund is almost dead.
Sigmund hits you with a +0 scythe!
You die...

...# #### ##...###....
...# #....<...... ...##
#.........>. ....####
#...........
###.†).######..........
# ####...##...........
########...(......######
......##....##..@(......
............###).@......
.........##...#.........
..................<.....
#...#...####......###...
......#.. .....## .. #.
...... .....^. . #
#..#... ......#. ..#
....


You could see Sigmund.

Vanquished Creatures
  A worm (D:2)
  3 dart slugs (D:1)
  A ball python (D:1)
  2 giant cockroaches (D:1)
  6 goblins
  3 hobgoblins
  A bat (D:1)
  2 frilled lizards (D:1)
  4 kobolds
  3 rats
26 creatures vanquished.

Notes
Turn   | Place    | Note
-------+----------+-------------------------------------------
     0 | D:1      | PentaManta the Ghoul Monk began the quest for the Orb.
     0 | D:1      | Reached XP level 1. HP: 19/19 MP: 0/0
   195 | D:1      | Reached XP level 2. HP: 25/26 MP: 1/1
   201 | D:1      | Reached skill level 4 in Unarmed Combat
   529 | D:1      | Reached XP level 3. HP: 26/31 MP: 2/2
   827 | D:2      | Noticed Sigmund
   846 | D:2      | Slain by Sigmund

Illustrated notes

Levels and vault maps discovered:
D:1:      matt_arrival_los_fun, layout_rooms
D:2:      layout_rooms, uniq_jessica, uniq_sigmund

Skill      XL: |  1  2 |
---------------+-------+-----
Unarmed Combat | 4 |  4.8
Fighting       | |  3.2
Dodging        | |  2.6
Stealth        | |  2.1

Action                   || total
-------------------------++-------
Melee: Unarmed           ||    76
       Punch             ||     1
Armor: Ring mail         ||    20
       Robe              ||     1
Dodge: Dodged            ||    41

Table legend: (Time is in decaauts)
 A = Elapsed time spent in this place.
 B = Non-inter-level travel time spent in this place.
 C = Inter-level travel time spent in this place.
 D = Time resting spent in this place.
 E = Time spent auto-exploring this place.
 F = Levels seen in this place.
 G = Mean time per level.
                   A        B        C        D        E       F      G
               +--------+--------+--------+--------+--------+-----+--------+
         Total |    840 |    823 |     17 |      0 |    663 |   2 |  420.0 |
       Dungeon |    840 |    823 |     17 |      0 |    663 |   2 |  420.0 |
               +--------+--------+--------+--------+--------+-----+--------+

Top non-repeatable levels by time:
     D:1: 756 daAuts
     D:2: 83 daAuts
